 Dungeon Crawl Stone Soup version 0.30.1-3-gfc49f6343a (webtiles) character file.

Game seed: 7205011065169714822

196 monsoonserge the Ducker (level 5, 0/37 HPs)
             Began as a Merfolk Monk on Aug 5, 2023.
             Was a Believer of Hepliaklqana.
             Slain by a sleepcap (18 damage)
             ... on level 4 of the Dungeon.
             The game lasted 00:07:39 (2388 turns).

monsoonserge the Ducker (Merfolk Monk)              Turns: 2388, Time: 00:07:40

Health: 0/37       AC:  5    Str: 11    XL:     5   Next: 75%
Magic:  5/5        EV:  2    Int: 10    God:    Hepliaklqana [**....]
Gold:   168        SH:  0    Dex: 18    Spells: 4/4 levels left

rFire   . . .        u - +2 short sword (elec)
rCold   . . .        r - +1 buckler {reflect}
rNeg    . . .        b - +0 robe
rPois   .            v - +0 helmet
rElec   .            w - +0 cloak
rCorr   .            (no gloves)
SInv    .            g - +0 pair of boots
Will    .....        p - amulet of the acrobat
Stlth   ++           (no ring)
HPRegen 0.26/turn    (no ring)
MPRegen 0.09/turn

%: reflection, acrobat
@: sleeping
A: reduced essence, (nimble swimmer 2), mertail
a: Renounce Religion, Recall Ancestor, Ancestor Identity


You were on level 4 of the Dungeon.
You worshipped Hepliaklqana.
Hepliaklqana was pleased with you.
You visited 1 branch of the dungeon, and saw 4 of its levels.

You collected 168 gold pieces.

Inventory:

Hand Weapons
 m - a +0 sling
 u - a +2 short sword of electrocution (weapon)
Missiles
 f - 4 boomerangs (quivered)
 A - 2 atropa-tipped darts
 B - a throwing net
Armour
 b - a +0 robe (worn)
 g - a +0 pair of boots (worn)
 r - a +1 buckler of reflection (worn)
 v - a +0 helmet (worn)
 w - a +0 cloak (worn)
Magical Staves
 s - a staff of air
Jewellery
 p - an amulet of the acrobat (around neck)
Scrolls
 a - 2 scrolls of poison {unknown}
 e - 5 scrolls of magic mapping {unknown}
 j - 3 scrolls of teleportation {unknown}
 o - a scroll of torment {unknown}
 t - a scroll of fear {unknown}
 x - 2 scrolls of identify {unknown}
 y - a scroll of vulnerability {unknown}
Potions
 c - a potion of ambrosia
 d - 2 potions of magic {unknown}
 h - 3 potions of curing {unknown}
 i - 2 potions of heal wounds {unknown}
 k - a potion of berserk rage {unknown}
 l - a potion of might {unknown}
 n - a potion of haste {unknown}
 q - a potion of mutation {unknown}
 z - a potion of flight {unknown}


   Skills:
 + Level 4.1 Fighting
 + Level 1.3(3.4) Short Blades
 - Level 4.9(5.0) Long Blades
 + Level 5.7 Dodging
 + Level 0.8 Stealth
 + Level 1.4 Shields


You had 4 spell levels left.
You didn't know any spells.
Your spell library contained the following spells:

 Spells                   Type           Power      Damage    Failure   Level
 Call Canine Familiar     Summ           0%         N/A       86%         3
 Portal Projectile        Hex/Tloc       0%         N/A       86%         3
 Leda's Liquefaction      Hex/Erth       0%         N/A       99%         4
 Passage of Golubria      Tloc           0%         N/A       99%         4
 Silence                  Hex/Air        0%         N/A       100%        5
 Lehudib's Crystal Spear  Conj/Erth      0%         10d2      100%        8


Dungeon Overview and Level Annotations

Branches:
Dungeon (4/15)
 Temple: D:4-7

Altars:
Hepliaklqana

Shops:
D:3 [

Annotations:
D:2 Jessica


Innate Abilities, Weirdness & Mutations

Your life essence is reduced to manifest your ancestor. (-10% HP)
((You are very nimble when in or above water. (Stealth+, EV+, Speed+++)))
Your lower body shifts to a powerful aquatic tail in water.


Message History

Wilfreda gestures at the gnoll while chanting.
The gnoll resists with significant effort.
You catch the helpless gnoll completely off-guard!
You puncture the gnoll! Lightning courses through the gnoll!
You kill the gnoll!
Items here: ))) †.
Okay, then.
Things that are here:
a +0 halberd; a gnoll corpse You now have 155 gold pieces (gained 9).
There are no items here.
HP restored.
You now have 168 gold pieces (gained 13).
A sleepcap comes into view.
You hit the sleepcap.
The sleepcap is lightly damaged.
The sleepcap releases spores at you!
You are engulfed in a cloud of soporific spores!
You fall asleep.
The sleepcap releases spores at you but does no damage.
The sleepcap releases spores at you!
You wake up.
Press: ? - help, v - describe, . - travel The floor.
You hit the sleepcap.
The sleepcap is lightly damaged.
The sleepcap barely misses you.
You hit the sleepcap.
The sleepcap is moderately damaged.
You block the sleepcap's attack.
You hit the sleepcap.
The sleepcap is moderately damaged.
The sleepcap misses you.
You hit the sleepcap.
The sleepcap is moderately damaged.
The sleepcap releases spores at you.
You are engulfed in a cloud of soporific spores!
You fall asleep.
Wilfreda points at the sleepcap and mumbles some strange words.
The sleepcap resists with some effort.
The sleepcap releases spores at you!!
You die...

### ####.#
#######....#
.........#.#
#######..#.#
#...#..#.#
#.#.#..#R#
#.#.#..#@#
#.#.#..#.f.#
#.#.#..###.#
#.#.#..# .#
#.#.#..# #
#.#.#..#
#.#.#..#
#.#.#))#
#.#<#..#


You could see the friendly Wilfreda the hexer and a sleepcap (ally target).

Vanquished Creatures
  Crazy Yiuf (D:2)
  Robin (D:2)
  2 gnolls (D:4)
  3 adders (D:3)
  3 worms
  A dart slug (D:1)
  7 ball pythons
  2 endoplasms
  2 giant cockroaches
  15 goblins
  14 hobgoblins
  2 jackals (D:2)
  7 kobolds
  2 quokkas
  5 bats
  4 frilled lizards (D:1)
  4 rats
75 creatures vanquished.

Vanquished Creatures (collateral kills)
  2 gnolls (D:4)
2 creatures vanquished.

Grand Total: 77 creatures vanquished

Notes
Turn   | Place    | Note
-------+----------+-------------------------------------------
     0 | D:1      | monsoonserge the Merfolk Monk began the quest for the Orb.
     0 | D:1      | Reached XP level 1. HP: 18/18 MP: 1/1
   104 | D:1      | Reached XP level 2. HP: 23/24 MP: 2/2
   450 | D:1      | Reached XP level 3. HP: 30/30 MP: 3/3
   972 | D:2      | Found a runed translucent door.
   973 | D:2      | Noticed Crazy Yiuf
  1011 | D:2      | Noticed Jessica
  1027 | D:2      | Noticed Robin
  1256 | D:2      | Reached XP level 4. HP: 26/37 MP: 4/4
  1447 | D:2      | Reached skill level 5 in Dodging
  1459 | D:2      | Killed Robin
  1600 | D:2      | Killed Crazy Yiuf
  1601 | D:2      | Reached XP level 5. HP: 28/42 MP: 0/5
  1687 | D:3      | Reached skill level 1 in Shields
  2018 | D:3      | Found Bac Haq's Armour Boutique.
  2261 | D:3      | Found a hazy altar of Hepliaklqana.
  2273 | D:3      | Became a worshipper of Hepliaklqana the Forgotten
  2273 | D:3      | Reached * piety under Hepliaklqana
  2273 | D:3      | Reached ** piety under Hepliaklqana
  2274 | D:3      | Remembered your ancestor Wilfreda as a hexer
  2336 | D:4      | Reached skill level 1 in Short Blades
  2388 | D:4      | Slain by a sleepcap

Illustrated notes

Levels and vault maps discovered:
D:1:      mushboom_english_gardens, layout_rooms, minmay_box_of_dots
D:2:      layout_rooms, serial_bayou_crossing, uniq_jessica,
          uniq_crazy_yiuf_cottage, uniq_robin
D:3:      layout_rooms, mainiacjoe_overflow_tiny_flanked, serial_corexii_hall,
          chequers_hall_statues_wall_a, corexii_hall_statues_l, serial_shops,
          shop, nrook_campfire, serial_bayou_pond_e
D:4:      layout_basic

Skill      XL: |  1  2  3  4  5 |
---------------+----------------+-----
Long Blades    | 4 |  4.9
Dodging        | 5 |  5.7
Fighting       | 4 |  4.1
Shields        | 1 |  1.4
Short Blades   | 1 |  1.3
Stealth        | |  0.8

Action                     |  1- 3 |  4- 6 || total
---------------------------+-------+-------++-------
  Melee: Falchion          |   128 |    21 ||   149
         Short sword       |       |    75 ||    75
         Tailslap          |       |     3 ||     3
  Throw: Boomerang         |     1 |       ||     1
 Invoke: Ancestor Life: He |       |     1 ||     1
   Stab: Sleeping          |       |     2 ||     2
         Distracted        |       |     1 ||     1
 Armour: Robe              |    13 |    13 ||    26
  Dodge: Dodged            |   100 |    55 ||   155
  Block: Kite shield       |    22 |       ||    22
         Buckler           |     9 |    23 ||    32
         Reflection        |     2 |       ||     2
